 Dungeon Crawl Stone Soup version 0.27.0-1-g7a089689b8 (webtiles) character file.

Game seed: 10968284330478513098

3006 dtburroughs the Skirmisher (level 9, 0/80 HPs)
             Began as a Minotaur Berserker on Aug 4, 2021.
             Was an Elder of Trog.
             Slain by a fire elemental (2 damage)
             ... summoned by a deep elf pyromancer
             ... on level 7 of the Dungeon.
             The game lasted 00:14:30 (7272 turns).

dtburroughs the Skirmisher (Minotaur Berserker)     Turns: 7272, Time: 00:14:31

Health: 0/80       AC: 17    Str: 22    XL:     9   Next: 54%
Magic:  8/8        EV: 10    Int:  7    God:    Trog [****..]
Gold:   305        SH:  5    Dex: 10    Spells: 8/8 levels left

rFire    + . .     SeeInvis .   b - +2 hand axe (flame)
rCold    . . .     Faith    .   t - +0 buckler
rNeg     . . .     Spirit   .   s - +2 chain mail {rF+}
rPois    +         Reflect  .   (helmet restricted)
rElec    .         Harm     .   v - +0 cloak
rCorr    .         Rampage  .   (no gloves)
Will     .....                  f - +2 pair of boots
Stlth    ..........             (no amulet)
HPRegen  0.23/turn              i - ring of flight
MPRegen  0.11/turn              u - ring of poison resistance

@: on berserk cooldown, flying, slowed, very slow
A: horns 2, retaliatory headbutt
a: Renounce Religion, Berserk, Trog's Hand, Brothers in Arms


You were on level 7 of the Dungeon.
You worshipped Trog.
Trog was greatly pleased with you.
You visited 1 branch of the dungeon, and saw 7 of its levels.

You collected 305 gold pieces.

Inventory:

Hand Weapons
 a - a +0 hand axe
 b - a +2 hand axe of flaming (weapon)
 A - a +0 war axe
 D - a +0 battleaxe
 J - a +2 vorpal hand axe
Armour
 f - a +2 pair of boots (worn)
 s - a +2 chain mail of fire resistance (worn)
 t - a +0 buckler (worn)
 v - a +0 cloak (worn)
 E - a +0 plate armour
Jewellery
 g - a ring of resist corrosion
 i - a ring of flight (left hand)
 u - a ring of poison resistance (right hand)
 F - a ring of positive energy
 I - a ring of magical power
 K - a ring of poison resistance
 M - a ring of ice
Wands
 k - a wand of flame (39)
Scrolls
 h - 4 scrolls of teleportation {unknown}
 j - 2 scrolls of torment {unknown}
 l - 4 scrolls of amnesia {unknown}
 m - a scroll of magic mapping {unknown}
 o - 4 scrolls of brand weapon {unknown}
 p - a scroll of holy word {unknown}
 q - 4 scrolls of identify {unknown}
 r - 3 scrolls of noise {unknown}
 y - a scroll of summoning {unknown}
 C - a scroll of enchant armour {unknown}
 L - 2 scrolls of vulnerability {unknown}
Potions
 c - a potion of berserk rage {unknown}
 d - a potion of degeneration {unknown}
 e - a potion of might {unknown}
 n - 2 potions of lignification {unknown}
 w - a potion of ambrosia {unknown}
 x - a potion of resistance {unknown}
 z - a potion of curing
 B - a potion of brilliance {unknown}
 G - a potion of attraction {unknown}
 H - a potion of invisibility {unknown}


   Skills:
 + Level 7.7 Fighting
 + Level 7.7 Axes
 + Level 7.2 Armour
 + Level 6.5 Dodging
 + Level 5.7 Shields
 + Level 4.2 Evocations


You had 8 spell levels left.
You didn't know any spells.
Your spell library was empty.

Dungeon Overview and Level Annotations

Branches:
Dungeon (7/15)             Temple (0/1) D:6

Altars:
Cheibriados
Elyvilon
Gozag
Kikubaaqudgha
Qazlal
Ru
Vehumet
Wu Jian
Xom
The Shining One

Shops:
D:4 (*   D:5 :


Innate Abilities, Weirdness & Mutations

You have a pair of horns on your head.
You reflexively headbutt those who attack you in melee.


Message History

The tree burns like a torch!
You are covered in liquid flames!
* * * LOW HITPOINT WARNING * * *
Items here: )) [[ ÷.
You are covered in liquid flames!
* * * LOW HITPOINT WARNING * * *
The forest fire spreads!
The deep elf pyromancer gestures at you while chanting.
The sticky flame hits you but does no damage.
You are covered in liquid flames!
The forest fire spreads!
Okay, then.
Okay, then.
A red film seems to cover your vision as you go berserk!
You feel yourself moving faster!
You feel mighty!
You are covered in liquid flames!
* * * LOW HITPOINT WARNING * * *
You feel a strong urge to attack something.
You are covered in liquid flames!
* * * LOW HITPOINT WARNING * * *
The deep elf pyromancer mumbles some strange words.
The deep elf pyromancer blinks!
The forest fire spreads!
You are covered in liquid flames!
* * * LOW HITPOINT WARNING * * *
You feel your anger nearly subside.
You are covered in liquid flames!
You are no longer berserk.
You are exhausted.
You feel yourself slow down. You block the fire elemental's attack.
The fire elemental hits you. The fire elemental burns you! You resist.
* * * LOW HITPOINT WARNING * * *
The fire elemental hits you. The fire elemental burns you! You resist.
* * * LOW HITPOINT WARNING * * *
The fire elemental disappears in a puff of smoke!
The fire elemental hits you. The fire elemental burns you! You resist.
* * * LOW HITPOINT WARNING * * *
The fire elemental hits you. The fire elemental burns you! You resist.
* * * LOW HITPOINT WARNING * * *
The fire elemental hits you. The fire elemental burns you! You resist.
You die...

#......#..#.#.#.##.######
#......#..#.#.#.##.#
######......#..#.#.#.##.#
.≈≈
.....'......'..#.#.#.##.#
≈≈
###.##......##.....#.##.#
≈≈
#.############.###.##.#
!. #.# #..##....# #. #.#
#..####### ♣♣♣♣♣. ###.#
#@.#.♣.♣.#♣♣♣..... ....#
#E.#♣.♣.♣#.......○ #.###
#○.#.♣.♣.#♣♣♣...°e #.#
#..#♣.♣.♣# ♣♣♣♣♣E #.#
#§.#.♣.§.########○ #.#
#§.#♣.§°♣#.♣.♣.#°. #.#
#..#♣§.§♣♣○.♣..♣.. #.#
#..e○○)........'<8 #.#
#..#♣♣°♣♣♣..♣..♣..


You could see a deep elf pyromancer and a fire elemental (summoned).

Vanquished Creatures
  Maggie (D:7)
  2 water moccasins (D:4)
  An orc warrior (D:4)
  A hornet zombie (D:6)
  An ice beast (D:5)
  A sky beast (D:6)
  A necrophage (D:5)
  2 centaurs (D:7)
  3 phantoms
  A gnoll sergeant (D:7)
  4 scorpions
  A water moccasin skeleton (D:6)
  4 wights (D:5)
  A howler monkey (D:5)
  6 hounds
  A quasit (D:6)
  Crazy Yiuf (D:3)
  A gnoll shaman (D:4)
  2 orc priests
  A jelly (D:6)
  4 iguanas
  Terence (D:3)
  Natasha (D:3)
  2 orc wizards (D:5)
  A killer bee zombie (D:6)
  A hound skeleton (D:4)
  3 gnolls (D:4)
  2 howler monkey skeletons
  16 adders
  A shadow imp (D:6)
  An adder skeleton (D:5)
  4 worms
  2 dart slugs
  22 orcs
  13 ball pythons
  5 endoplasms
  A giant cockroach (D:4)
  5 hobgoblins
  5 jackals
  4 kobolds
  A quokka (D:1)
  2 bats
  2 frilled lizards
  4 goblins
  2 goblin skeletons (D:6)
  A goblin zombie (D:6)
  2 hobgoblin zombies (D:6)
  2 kobold skeletons (D:6)
  A kobold zombie (D:6)
  An orc skeleton (D:6)
  An orc zombie (D:6)
  7 rats
156 creatures vanquished.

Vanquished Creatures (others)
  An unseen horror (D:7)
  A yak (D:7)
2 creatures vanquished.

Grand Total: 158 creatures vanquished

Notes
Turn   | Place    | Note
-------+----------+-------------------------------------------
     0 | D:1      | dtburroughs the Minotaur Berserker began the quest for the
                  | Orb.
     0 | D:1      | Reached XP level 1. HP: 19/19 MP: 0/0
   104 | D:1      | Found a faded altar of an unknown god.
   327 | D:1      | Reached XP level 2. HP: 14/27 MP: 1/1
  1123 | D:2      | Reached XP level 3. HP: 33/33 MP: 2/2
  1183 | D:2      | Reached XP level 4. HP: 41/41 MP: 3/3
  1445 | D:2      | Reached ** piety under Trog
  2185 | D:3      | Noticed Terence
  2195 | D:3      | Killed Terence
  2196 | D:3      | Reached XP level 5. HP: 47/47 MP: 4/4
  2220 | D:3      | Found a stormy altar of Qazlal.
  2323 | D:3      | Found a radiant altar of Vehumet.
  2518 | D:3      | Found a white marble altar of Elyvilon.
  2625 | D:3      | Found a runed translucent door.
  2626 | D:3      | Noticed Crazy Yiuf
  2706 | D:3      | Noticed Natasha
  2730 | D:3      | Found an ancient bone altar of Kikubaaqudgha.
  2810 | D:3      | Killed Natasha
  2811 | D:3      | Reached skill level 5 in Axes
  2901 | D:3      | Killed Crazy Yiuf
  2902 | D:3      | Reached skill level 5 in Fighting
  2902 | D:3      | Reached XP level 6. HP: 53/56 MP: 5/5
  3174 | D:4      | Reached skill level 1 in Shields
  3347 | D:4      | Reached *** piety under Trog
  3395 | D:4      | Reached skill level 1 in Evocations
  3420 | D:4      | Found Tereitafer's Antique Weapon Boutique.
  3484 | D:4      | Found Ezanut's Serpentskin Sales.
  3484 | D:4      | Noticed a water moccasin
  3484 | D:4      | Noticed a water moccasin
  3495 | D:4      | Killed a water moccasin
  3496 | D:4      | Reached XP level 7. HP: 20/61 MP: 6/6
  3497 | D:4      | Reached skill level 5 in Armour
  3995 | D:4      | Found a sacrificial altar of Ru.
  4037 | D:5      | Entered Level 5 of the Dungeon
  4249 | D:5      | Found a snail-covered altar of Cheibriados.
  4281 | D:5      | Found a snail-covered altar of Cheibriados.
  4287 | D:5      | Reached XP level 8. HP: 68/70 MP: 7/7
  4299 | D:5      | Reached skill level 5 in Dodging
  4397 | D:5      | Found an opulent altar of Gozag.
  4821 | D:5      | Found a radiant altar of Vehumet.
  4886 | D:5      | Found Musiloat's Book Shop.
  5252 | D:5      | Reached **** piety under Trog
  5503 | D:6      | Found a staircase to the Ecumenical Temple.
  5512 | D:6      | Found an ornate altar of the Wu Jian Council.
  5725 | D:6      | Found a glowing golden altar of the Shining One.
  5895 | D:6      | Noticed a spectral centipede
  5895 | D:6      | Noticed a spectral black mamba
  5974 | D:6      | Reached XP level 9. HP: 64/79 MP: 8/8
  6604 | D:7      | Found a shimmering altar of Xom.
  6675 | D:7      | Noticed Maggie
  6699 | D:7      | Killed Maggie
  6700 | D:7      | Reached skill level 5 in Shields
  7220 | D:7      | Noticed a deep elf pyromancer
  7259 | D:7      | Killed an unseen horror
  7270 | D:7      | HP: 3/80 [fire elemental[a deep elf pyromancer] (3)]
  7272 | D:7      | Slain by a fire elemental

Illustrated notes

Levels and vault maps discovered:
D:1:      kennysheep_arrival_seaside, layout_rooms,
          shapermc_ecumenical_altar_ellora, minmay_heptomino_h4
D:2:      layout_basic, minmay_misc_feat_roman, minmay_snake_closets
D:3:      layout_rooms, nicolae_vehumet_altar_sigil,
          mainiacjoe_overflow_surrounded_room, nicolae_qazlal_general_emergency,
          elyvilon_altar_1, uniq_natasha, uniq_terence, uniq_crazy_yiuf_cottage
D:4:      minmay_spotlight, layout_cave_pools, nicolae_ru_path_of_blood,
          serial_shops, nicolae_shop_trees, guppyfry_shop_venom
D:5:      layout_basic, slow_altar_2, mainiacjoe_overflow_catwalk, serial_shops,
          kennysheep_mini_moat, ebering_dispersal_statue_hall,
          roderic_serpentine_path, hangedman_feature_mirror
D:6:      layout_cave_pools, nicolae_tso_besieged_by_evil,
          pdpol_wu_jian_five_deadly_venoms, minmay_temple_entry_overgrown,
          nicolae_sextant
D:7:      nzn_winding_woodlands_stair_cross
          [nzn_winding_woodlands_5x15_split_checker,
          nzn_winding_woodlands_center_pierced_h,
          nzn_winding_woodlands_5x15_sawtooth, nzn_winding_woodlands_hourglass,
          nzn_winding_woodlands_5x5_perimeter,
          nzn_winding_woodlands_5x15_default,
          nzn_winding_woodlands_center_triple_pond,
          nzn_winding_woodlands_5x15_river_crossing], layout_basic,
          xom_teletrap_fun, uniq_maggie

Skill      XL: |  1  2  3  4  5  6  7  8  9 |
---------------+----------------------------+-----
Fighting       | 4 5 6 7 |  7.7
Axes           | 4 5 6 7 |  7.7
Armour         | 3 4 5 6 7 |  7.2
Dodging        | 3 4 5 6 |  6.5
Shields        | 1 3 4 5 |  5.7
Evocations     | 1 2 3 4 |  4.2

Action                   |  1- 3 |  4- 6 |  7- 9 || total
-------------------------+-------+-------+-------++-------
Melee: Hand axe          |    55 |   122 |   263 ||   440
       Headbutt          |    10 |    25 |    50 ||    85
Invok: Berserk           |       |     2 |     1 ||     3
       Trog's Hand       |       |     1 |     1 ||     2
Armor: Chain mail        |    28 |    69 |   162 ||   259
       Animal skin       |     4 |       |       ||     4
Dodge: Dodged            |    27 |    46 |    87 ||   160
Block: Buckler           |       |     7 |    70 ||    77
